 Dungeon Crawl Stone Soup version 0.29-a0-506-ga2e7fffb44 (webtiles) character file.

Game seed: 11936719167625890517

20 Sabo the Sneak (level 3, -2/19 HPs)
             Began as a Kobold Enchanter on May 28, 2022.
             Slain by a kobold
             ... wielding a +0 dagger
              (4 damage)
             ... on level 1 of the Dungeon.
             The game lasted 00:02:36 (619 turns).

Sabo the Sneak (Kobold Enchanter)                    Turns: 619, Time: 00:02:37

Health: -2/19      AC:  2    Str: 11    XL:     3   Next: 0%
Magic:  6/6        EV: 15    Int: 16    God:
Gold:   47         SH:  0    Dex: 17    Spells: 6/6 levels left

rFire   . . .      SeeInvis .   a - +1 dagger
rCold   . . .      Faith    .   (no shield)
rNeg    . . .      Spirit   .   b - +0 robe
rPois   .          Reflect  .   (no helmet)
rElec   .          Harm     .   (no cloak)
rCorr   .          Rampage  .   (no gloves)
Will    .....                   (no boots)
Stlth   ++++......              (no amulet)
HPRegen 0.06/turn               h - +6 ring of strength
MPRegen 0.10/turn               (no ring)

@: no status effects
A: small, no large weapons, nightstalker 3
a: no special abilities


You were on level 1 of the Dungeon.
You visited 1 branch of the dungeon, and saw 1 of its levels.

You collected 47 gold pieces.

Inventory:

Hand Weapons
 a - a +1 dagger (weapon)
Armour
 b - a +0 robe (worn)
Jewellery
 h - a +6 ring of strength (left hand)
Scrolls
 d - a scroll of poison {unknown}
 f - a scroll of torment {unknown}
 i - 2 scrolls of identify {unknown}
Potions
 c - 2 potions of invisibility
 e - a potion of resistance {unknown}
 g - a potion of heal wounds {unknown}
 j - a potion of ambrosia {unknown}


   Skills:
 + Level 0.2 Fighting
 + Level 1.5 Short Blades
 + Level 2.4 Dodging
 + Level 4.6 Stealth
 + Level 2.3 Spellcasting
 + Level 3.4 Hexes


You had 6 spell levels left.
You didn't know any spells.
Your spell library contained the following spells:

 Spells                   Type           Power      Damage    Failure   Level
 Ensorcelled Hibernation  Hex/Ice        14%        N/A       16%         2
 Confusing Touch          Hex            12%        N/A       16%         3
 Tukima's Dance           Hex            12%        N/A       16%         3
 Dazzling Flash           Conj/Hex       14%        N/A       30%         3


Dungeon Overview and Level Annotations

Branches:
Dungeon (1/15)

Altars:


Innate Abilities, Weirdness & Mutations

You are small and have problems with some larger weapons.
You are completely attuned to the shadows.


Message History

The helpless endoplasm fails to defend itself.
You impale the endoplasm!!
You kill the endoplasm!
A kobold comes into view. It is wielding a +0 dagger of speed.
The helpless ball python fails to defend itself.
You impale the ball python!!
You kill the ball python!
You have reached level 3!
Your experience leads to an increase in your attributes!
Your base attributes are Str 5, Int 16, Dex 15.
Increase (S)trength, (I)ntelligence, or (D)exterity?
You feel agile. x2 2 jackals come into view.
The jackal barks! x2; The kobold shouts!
The jackal barks!
You hear a shout! x2
You closely miss the jackal. The jackal closely misses you.
The jackal bites you.
You closely miss the jackal. The jackal misses you.
The jackal bites you but does no damage.
The jackal closely misses you. The jackal bites you.
You closely miss the jackal.
A kobold comes into view. It is wielding a +0 dagger.
The kobold closely misses you. The jackal bites you.
The jackal bites you but does no damage.
The kobold hits you with a +0 dagger of speed.
You closely miss the jackal. The jackal bites you.
The jackal closely misses you.
The kobold hits you with a +0 dagger of speed.
You hit the jackal.
The jackal is severely wounded.
The jackal bites you.
* * * LOW HITPOINT WARNING * * *
The jackal misses you. The kobold closely misses you. The jackal misses you.
The jackal closely misses you.
You hit the jackal.
You kill the jackal!
The kobold hits you with a +0 dagger of speed.
* * * LOW HITPOINT WARNING * * *
The kobold hits you with a +0 dagger.
You die...

#.#######.# #.........#
..###################
#.##................#
#.##..#.###########.###
#.##..........#†......##
#.##.................)..
#.#........#...K....#.##
#.#...#.#####.#†@K..#.#
#.#......).....h###.# #
.....>.......... ...
#.#...#....#.... ..#
#.#...#.##†#..##
#.#...#..†.#
#†#...#....#
#.....'....#
#####.#....+


You could see a jackal and 2 kobolds.

Vanquished Creatures
  A dart slug (D:1)
  2 ball pythons (D:1)
  A bat (D:1)
  3 endoplasms (D:1)
  A giant cockroach (D:1)
  A goblin (D:1)
  A hobgoblin (D:1)
  2 jackals (D:1)
  2 kobolds (D:1)
  A quokka (D:1)
  A rat (D:1)
16 creatures vanquished.

Notes
Turn   | Place    | Note
-------+----------+-------------------------------------------
     0 | D:1      | Sabo the Kobold Enchanter began the quest for the Orb.
     0 | D:1      | Reached XP level 1. HP: 10/10 MP: 3/3
   451 | D:1      | Reached XP level 2. HP: 15/15 MP: 5/5
   611 | D:1      | Reached XP level 3. HP: 19/19 MP: 6/6
   619 | D:1      | Slain by a kobold

Illustrated notes

Levels and vault maps discovered:
D:1:      saegor_arrival_fortress, layout_basic, basic_ecumenical_altar

Action                   || total
-------------------------++-------
Melee: Dagger            ||    27
       Punch             ||     1
 Stab: Sleeping          ||    11
Armor: Robe              ||     4
Dodge: Dodged            ||    14

Table legend: (Time is in decaauts)
 A = Elapsed time spent in this place.
 B = Non-inter-level travel time spent in this place.
 C = Inter-level travel time spent in this place.
 D = Time resting spent in this place.
 E = Time spent auto-exploring this place.
 F = Levels seen in this place.
 G = Mean time per level.
                   A        B        C        D        E       F      G
               +--------+--------+--------+--------+--------+-----+--------+
         Total |    616 |    616 |      0 |     76 |      0 |   1 |  616.0 |
       Dungeon |    616 |    616 |      0 |     76 |      0 |   1 |  616.0 |
               +--------+--------+--------+--------+--------+-----+--------+

Top non-repeatable levels by time:
     D:1: 616 daAuts
